Map: Dusk Towers

Players

LilDicky - Winner!

  • Race: Terran Terran
  • League: Gold

ColdButKind

  • Race: Terran Terran
  • League: Gold

VOD

http://www.twitch.tv/tumescentpie

Description

Time

  • Played on: Nov. 20, 2015, 8:21 a.m.
  • Length: 5:58
Show
View Real Time Build Order
Export as new Build Order

LilDicky Terran - Winner!

Build Orders: 1/1/1, Banshee Rush 

Get SALT Encoding   

  12  0:04  SCV  
  13  0:16  SCV  
  13  0:20  Supply Depot  
  14  0:25  Refinery  
  15  0:32  SCV  
  15  0:49  SCV, Barracks  
  16  0:58  Refinery  
  16  1:01  SCV  
  17  1:13  SCV  
  18  1:25  SCV  
  19  1:38  Orbital Command  
  19  1:40  Factory, Reaper  
  20  2:01  Supply Depot  
  20  2:04  SCV  
  21  2:13  Marine  
  22  2:18  SCV  
  23  2:25  Factory Tech Lab, Starport  
  23  2:30  SCV  
  23  2:31  Marine  
  25  2:42  SCV  
  26  2:45  Supply Depot  
  26  2:46  Siege Tank  
  26  2:49  Marine  
  30  3:04  Starport Tech Lab  
  30  3:07  Marine  
  30  3:08  Supply Depot  
  31  3:23  SCV  
  31  3:25  Banshee  
  31  3:26  Siege Tank  
  37  3:27  Cloaking Field  
  37  3:35  SCV  
  37  3:38  Supply Depot  
  38  3:43  Marine  
  39  3:49  SCV  
  43  4:04  Command Center  
  43  4:05  SCV  
  41  4:10  Medivac  
  41  4:13  Marine  
  44  4:24  Siege Tank  
  47  4:26  SCV  
  47  4:31  Supply Depot, Marine  
  49  4:48  Marine  
  50  4:53  Medivac  
  52  5:11  SCV  
  53  5:16  Siege Tank  
  53  5:17  Marine  
Show
View Real Time Build Order
Export as new Build Order

ColdButKind Terran 

Build Orders: Reaper Expand 

Get SALT Encoding   

  12  0:00  SCV  
  13  0:13  SCV  
  14  0:18  Supply Depot  
  14  0:25  SCV  
  15  0:37  Refinery  
  15  0:40  SCV  
  16  0:44  Barracks  
  16  0:52  SCV  
  17  1:04  SCV  
  18  1:16  SCV  
  19  1:27  Command Center  
  19  1:32  Reaper  
  20  1:42  Orbital Command  
  20  1:52  Supply Depot  
  20  2:04  Reaper  
  21  2:08  SCV  
  21  2:12  Refinery  
  22  2:18  Factory  
  22  2:20  SCV  
  23  2:33  SCV  
  23  2:37  Barracks Reactor  
  24  2:45  SCV  
  25  2:57  SCV  
  25  2:58  SCV  
  26  3:09  SCV  
  26  3:11  Orbital Command  
  26  3:23  Marine  
  26  3:24  Marine  
  26  3:25  Factory Tech Lab  
  28  3:27  Starport  
  28  3:30  SCV  
  29  3:42  SCV, Marine x2  
  29  3:44  Siege Tank  
  29  3:47  SCV  
  36  3:54  SCV  
  37  3:56  Engineering Bay  
  37  3:59  SCV  
  37  4:01  Marine x2  
  40  4:06  SCV  
  40  4:09  Medivac  
  43  4:11  SCV  
  43  4:12  Barracks x2  
  43  4:17  Supply Depot  
  44  4:18  SCV  
  44  4:23  SCV  
  46  4:28  Engineering Bay  
  46  4:35  Supply Depot  
  48  4:38  SCV x2  
  48  4:40  Supply Depot  
  48  4:49  Marine x2  
  47  5:05  Barracks Reactor, Barracks Tech Lab  
  47  5:08  Starport Reactor  
  47  5:09  Marine x2  
  42  5:28  SCV x2  
  42  5:40  SCV x2  
Tags
 
Add a new tag
Caveats
  • Supply blocks, unpowered buildings, or Contaminate may cause inaccurate times.
  • Supply counts are checked every 10 seconds.